 Dungeon Crawl Stone Soup version 0.26-a0-466-g989023bd0d (webtiles) character file.

Game seed: 16825621552505616060

954 Lanoc the Arsonist (level 7, 0/55 HPs)
             Began as a Purple Draconian Fire Elementalist on Aug 13, 2020.
             Slain by a smoke demon (4 damage)
             ... summoned by a kobold demonologist
             ... on level 5 of the Dungeon.
             The game lasted 00:08:17 (5712 turns).

Lanoc the Arsonist (DrFE)                           Turns: 5712, Time: 00:08:18

Health: 0/55       AC:  8    Str: 11    XL:     7   Next: 91%
Magic:  9/10       EV: 15    Int: 17    God:
Gold:   171        SH:  0    Dex: 17    Spells: 5/10 levels left

rFire    . . .     SeeInvis .   (no weapon)
rCold    . . .     Faith    .   (no shield)
rNeg     . . .     Spirit   .   (armour unavailable)
rPois    .         Reflect  .   (helmet restricted)
rElec    .         Harm     .   (no cloak)
rCorr    .                      o - +1 pair of gloves
MR       +....                  (no boots)
Stlth    +.........             p - amulet of magic regeneration
HPRegen  0.18/turn              m - +6 ring of dexterity
MPRegen  0.37/turn              (no ring)

@: liquid flames, glowing
A: breathe power, unfitting armour, stinger 1, robust 1, cold-blooded, AC +6
a: Breathe Dispelling Energy


You were on level 5 of the Dungeon.
You visited 1 branch of the dungeon, and saw 6 of its levels.

You collected 171 gold pieces.

Inventory:

Missiles
 i - 6 curare-tipped darts (quivered)
Armour
 c - a +0 leather armour
 o - a +1 pair of gloves (worn)
Jewellery
 m - a +6 ring of dexterity (left hand)
 p - an amulet of magic regeneration (around neck)
Scrolls
 a - 3 scrolls of remove curse {unknown}
 e - a scroll of immolation {unknown}
 f - 2 scrolls of fog {unknown}
 g - 2 scrolls of amnesia {unknown}
 h - 5 scrolls of identify {unknown}
 l - a scroll of magic mapping {unknown}
 n - a scroll of teleportation {unknown}
 s - a scroll of blinking {unknown}
Potions
 b - a potion of mutation
 d - 2 potions of stabbing
 j - a potion of brilliance
 k - 3 potions of curing {unknown}
 q - a potion of resistance {unknown}
 r - a potion of haste
 t - a potion of might {unknown}
 u - a potion of experience {unknown}


   Skills:
 + Level 5.0 Dodging
 - Level 1.7 Stealth
 - Level 2.4 Spellcasting
 - Level 1.0 Conjurations
 * Level 8.0 Fire Magic


You had 5 spell levels left.
You knew the following spells:

 Your Spells              Type           Power        Failure   Level
a - Foxfire               Conj/Fire      ###.         3%          1
b - Sticky Flame          Conj/Fire      ###.....     28%         4

Your spell library contained the following spells:

 Spells                   Type           Power        Failure   Level
 Conjure Flame            Conj/Fire      ###.....     9%          3
 Inner Flame              Hex/Fire       ###.....     11%         3
 Fireball                 Conj/Fire      ###.......   63%         5


Dungeon Overview and Level Annotations

Branches:
Dungeon (6/15)
 Temple: D:4-7

Altars:

Annotations:
D:2 Terence


Innate Abilities, Weirdness & Mutations

You can breathe bolts of dispelling energy.
Your rich purple scales are hard. (AC +6)
You cannot fit into any form of body armour.
You are cold-blooded and may be slowed by cold attacks.
Your tail ends in a poisonous barb.
You are robust. (+10% HP)


Message History

You throw a curare-tipped dart.
The curare-tipped dart misses the kobold demonologist.
You are covered in liquid flames!
The kobold demonologist misses you. The smoke demon gestures at you.
Something smites you!
* * * LOW HITPOINT WARNING * * *
Throwing (i - inventory)
i - 7 curare-tipped darts (quivered)
Press: ? - help, Shift-Dir - straight line, f/p - kobold demonologist
Aim: a kobold demonologist, wielding a +0 dagger and wearing a +0 robe (moderately wounded)
You throw a curare-tipped dart.
The curare-tipped dart hits the kobold demonologist.
The kobold demonologist is poisoned.
The kobold demonologist convulses.
The kobold demonologist seems to slow down.
The kobold demonologist is heavily wounded.
You are covered in liquid flames!
* * * LOW HITPOINT WARNING * * *
The smoke demon hits you but does no damage.
The smoke demon hits you.
You die...

#.#.#..........###......#
#.#.#.##.##.#..# #.#.####
#.#.#.##.##.#..###..#.##
#.#.#.##.##.#..##..###.###
#...<.............## ##..###
###.#.##.##.#.#.#..###......
#.#.##.#..........#.#..###
#.#.##>#..#.#.##.#.##..###
#.#.##.3K@.........##.....
#.#.....3..............###
#.######.####..........###
#.######.####.##.####.....
#.............##.# ##.###
########.#######.# ###
#.........# ###########


You could see a kobold demonologist (very poisoned, slow) and 2 smoke demons.

Vanquished Creatures
  Eustachio (D:5)
  2 water moccasins (D:5)
  An ogre (D:4)
  A centaur (D:6)
  A big kobold (D:6)
  A centaur zombie (D:5)
  A bullfrog skeleton (D:5)
  An iguana (D:5)
  Ijyb (D:4)
  Natasha (D:2)
  A worker ant (D:4)
  A hound zombie (D:5)
  7 adders
  A howler monkey skeleton (D:4)
  A white imp (D:5)
  An ufetubus (D:5)
  An adder skeleton (D:4)
  A worm (D:4)
  A dart slug (D:1)
  5 leopard geckos
  4 orcs
  5 bats
  4 giant cockroaches
  12 goblins
  8 hobgoblins
  7 jackals (D:4)
  3 quokkas
  3 ball pythons
  6 frilled lizards
  A jackal zombie (D:5)
  4 kobolds
  A leopard gecko skeleton (D:5)
  7 rats
96 creatures vanquished.

Vanquished Creatures (others)
  529 foxfires
529 creatures vanquished.

Grand Total: 625 creatures vanquished

Notes
Turn   | Place    | Note
-------+----------+-------------------------------------------
     0 | D:1      | Lanoc the Draconian Fire Elementalist began the quest for
                  | the Orb.
     0 | D:1      | Reached XP level 1. HP: 14/14 MP: 3/3
   250 | D:1      | Reached XP level 2. HP: 20/20 MP: 0/5
  1129 | D:1      | Reached XP level 3. HP: 26/26 MP: 2/6
  1403 | D:2      | Reached skill level 4 in Fire Magic
  1776 | D:2      | Noticed Natasha
  1784 | D:2      | Killed Natasha
  1784 | D:2      | Reached XP level 4. HP: 9/33 MP: 1/7
  2358 | D:2      | Noticed Terence
  2993 | D:3      | Learned a level 4 spell: Sticky Flame
  3162 | D:3      | Reached skill level 5 in Fire Magic
  3177 | D:4      | Gained mutation: Your tail ends in a poisonous barb.
                  | [potion of mutation]
  3177 | D:4      | Gained mutation: You are robust. (+10% HP) [potion of
                  | mutation]
  3188 | D:4      | Reached XP level 5. HP: 24/41 MP: 1/8
  3495 | D:4      | Noticed Ijyb
  3554 | D:4      | Killed Ijyb
  3726 | D:4      | Noticed an ogre
  3736 | D:4      | Killed an ogre
  3737 | D:4      | Reached XP level 6. HP: 33/49 MP: 2/9
  3961 | D:4      | Reached skill level 6 in Fire Magic
  4306 | D:5      | Entered Level 5 of the Dungeon
  4495 | D:5      | Noticed a water moccasin
  4507 | D:5      | Killed a water moccasin
  4736 | D:5      | Noticed Eustachio
  4756 | D:5      | Killed Eustachio
  4756 | D:5      | Reached skill level 7 in Fire Magic
  4756 | D:5      | Your scales start taking on a rich purple colour.
  4756 | D:5      | Reached XP level 7. HP: 29/55 MP: 2/10
  5613 | D:6      | Reached skill level 5 in Dodging
  5613 | D:6      | Reached skill level 8 in Fire Magic
  5617 | D:6      | Noticed a kobold demonologist
  5703 | D:6      | Noticed a soul eater
  5709 | D:5      | Noticed a smoke demon
  5709 | D:5      | Noticed a smoke demon
  5712 | D:5      | Slain by a smoke demon

Illustrated notes

Levels and vault maps discovered:
D:1:      dpeg_arrival_erosion, layout_basic
D:2:      layout_basic, chequers_ecumenical_altar_grove, minmay_hexomino_c4,
          uniq_natasha, uniq_terence
D:3:      layout_loops_ring, dk_vineyard_2
D:4:      layout_basic, amethyst_killhole, minivault_26,
          chequers_serial_rivers_marsh, uniq_ijyb
D:5:      kennysheep_spiral_hall, layout_loops_ring,
          chequers_serial_rivers_micro_a, uniq_eustachio
D:6:      layout_rooms, minmay_temple_entry_hall, uniq_menkaure

Skill      XL: |  1  2  3  4  5  6  7 |
---------------+----------------------+-----
Dodging        | 2 3 4 5 |  5.0
Fire Magic     | 4 5 7 8 |  8.0
Stealth        | |  1.7
Spellcasting   | |  2.4
Conjurations   | |  1.0

Action                   |  1- 3 |  4- 6 |  7- 9 || total
-------------------------+-------+-------+-------++-------
Melee: Unarmed           |    32 |    60 |    12 ||   104
       Tailslap          |     2 |     8 |     1 ||    11
Throw: Dart              |     1 |       |     2 ||     3
 Cast: Foxfire           |    79 |   190 |    48 ||   317
  Use: Potion            |       |     5 |       ||     5
Armor: Skin              |    14 |    51 |     8 ||    73
Dodge: Dodged            |    44 |   100 |    16 ||   160

Table legend: (Time is in decaauts)
 A = Elapsed time spent in this place.
 B = Non-inter-level travel time spent in this place.
 C = Inter-level travel time spent in this place.
 D = Time resting spent in this place.
 E = Time spent auto-exploring this place.
 F = Levels seen in this place.
 G = Mean time per level.
                   A        B        C        D        E       F      G
               +--------+--------+--------+--------+--------+-----+--------+
         Total |   5727 |   5638 |     89 |     73 |   4713 |   6 |  954.5 |
       Dungeon |   5727 |   5638 |     89 |     73 |   4713 |   6 |  954.5 |
               +--------+--------+--------+--------+--------+-----+--------+

Top non-repeatable levels by time:
     D:1: 1476 daAuts
     D:5: 1382 daAuts
     D:4: 1145 daAuts
     D:2: 917 daAuts
     D:3: 777 daAuts
     D:6: 28 daAuts
